Map: Hardwire LE

Players

Trap - Winner!

  • Race: Protoss Protoss

Reynor

  • Race: Zerg Zerg

Event: TSL 8

VOD

Have the link to the VOD?

Description

Time

  • Played on: Dec. 11, 2021, 9:36 a.m.
  • Length: 13:20

All games in this series

Show
View Real Time Build Order
Export as new Build Order

Trap Protoss - Winner!

Build Orders: 1 Gate Expand, Oracle Opening 

Get SALT Encoding   

  12  0:00  Probe  
  13  0:13  Pylon  
  13  0:17  Probe (Chrono Boost)  
  14  0:27  Probe (Chrono Boost)  
  15  0:32  Probe (Chrono Boost)  
  16  0:40  Gateway  
  16  0:44  Probe  
  17  0:51  Assimilator  
  17  0:56  Probe  
  18  1:08  Probe  
  19  1:20  Probe  
  19  1:25  Nexus  
  20  1:34  Cybernetics Core  
  20  1:37  Probe  
  21  1:43  Assimilator  
  21  1:49  Probe  
  21  1:53  Pylon  
  23  2:01  Probe (Chrono Boost)  
  23  2:11  Adept  
  23  2:13  Probe (Chrono Boost)  
  26  2:18  Stargate  
  26  2:21  Probe (Chrono Boost)  
  27  2:26  Warp Gate  
  27  2:29  Probe (Chrono Boost)  
  28  2:36  Probe (Chrono Boost)  
  29  2:40  Adept  
  32  2:45  Probe (Chrono Boost)  
  32  2:46  Probe (Chrono Boost)  
  32  2:51  Probe (Chrono Boost)  
  33  2:52  Probe  
  33  2:53  Void Ray (Chrono Boost)  
  35  3:03  Probe  
  35  3:04  Probe  
  41  3:08  Pylon  
  41  3:16  Probe  
  41  3:17  Probe  
  41  3:18  Gateway  
  43  3:26  Oracle (Chrono Boost)  
  43  3:28  Probe  
  43  3:29  Probe  
  48  3:40  Probe  
  49  3:41  Probe  
  50  3:48  Nexus  
  50  3:51  Pylon  
  50  3:54  Probe x2  
  52  4:00  Assimilator  
  52  4:02  Assimilator  
  52  4:06  Probe  
  52  4:07  Probe  
  54  4:12  Stargate  
  54  4:17  Adept  
  54  4:18  Shield Battery  
  54  4:19  Probe  
  54  4:20  Protoss Air Weapons Level 1  
  54  4:22  Probe  
  58  4:31  Probe  
  58  4:33  Pylon, Forge  
  58  4:36  Probe  
  60  4:39  Pylon  
  60  4:46  Void Ray (Chrono Boost)  
  60  4:50  Void Ray (Chrono Boost), Probe x2, Shield Battery  
  70  5:00  Probe (Chrono Boost)  
  70  5:04  Probe (Chrono Boost)  
  70  5:08  Robotics Facility  
  70  5:09  Probe (Chrono Boost)  
  70  5:13  Probe (Chrono Boost)  
  70  5:19  Probe x2 (Chrono Boost)  
  70  5:20  Probe (Chrono Boost)  
  73  5:21  Void Ray (Chrono Boost)  
  73  5:24  Probe (Chrono Boost)  
  73  5:26  Probe  
  73  5:27  Pylon  
  76  5:29  Void Ray  
  76  5:31  Probe  
  76  5:33  Zealot  
  76  5:35  Probe  
  84  5:38  Pylon  
  84  5:39  Probe, Pylon  
  85  5:44  Probe  
  85  5:47  Probe  
  85  5:48  Assimilator  
  87  5:51  Probe  
  87  5:55  Assimilator  
  88  5:59  Fleet Beacon  
  88  6:02  Stargate  
  88  6:05  Probe x3  
  88  6:08  Observer, Shield Battery  
  92  6:12  Photon Cannon  
  92  6:13  Pylon  
  92  6:17  Zealot  
  94  6:32  Nexus  
  94  6:33  Probe x3  
  94  6:34  Pylon  
  97  6:42  Robotics Bay  
  97  6:43  Pylon  
  97  6:45  Carrier (Chrono Boost)  
  97  6:49  Carrier (Chrono Boost)  
  109  7:01  Protoss Ground Weapons Level 1 (Chrono Boost)  
  109  7:03  Carrier (Chrono Boost)  
  115  7:09  Photon Cannon  
  115  7:10  Photon Cannon, Pylon  
  115  7:15  Probe x3  
  118  7:16  Pylon  
  118  7:21  Assimilator  
  118  7:23  Twilight Council, Assimilator  
  118  7:27  Probe x3  
  121  7:30  Photon Cannon  
  121  7:34  Shield Battery  
  121  7:35  Disruptor, Shield Battery  
  124  7:43  Gateway x2  
  124  7:48  Flux Vanes  
  124  7:50  Probe x3  
  124  7:51  Probe  
  128  7:55  Charge (Chrono Boost)  
  128  7:59  Photon Cannon  
  128  8:02  Photon Cannon, Void Ray, Templar Archives  
  128  8:04  Photon Cannon  
  128  8:05  Void Ray  
  126  8:10  Void Ray  
  138  8:22  Gateway  
  138  8:23  Gateway  
  138  8:26  Warp Prism (Chrono Boost)  
  138  8:33  Gateway  
  140  8:35  Gateway  
  140  8:43  Gateway  
  140  8:44  Gateway  
  140  8:46  Gateway  
  140  8:47  Sentry  
  142  8:48  High Templar  
  142  8:49  High Templar  
  142  8:50  High Templar  
  142  8:52  Disruptor (Chrono Boost)  
  151  9:09  Photon Cannon  
  151  9:10  Photon Cannon  
  151  9:11  Pylon  
  151  9:12  Pylon x2  
  151  9:13  Pylon  
  151  9:17  High Templar x2  
  153  9:21  Archon x2  
  153  9:23  Zealot x2, Protoss Ground Weapons Level 2 (Chrono Boost), High Templar  
  153  9:24  Zealot  
  163  9:25  Void Ray x2 (Chrono Boost)  
  163  9:29  Observer  
  163  9:30  Archon  
  172  9:45  Zealot x2  
  176  9:47  Zealot x4  
  176  9:48  Zealot x2  
  176  9:50  Zealot  
  185  10:08  Zealot x2  
  185  10:34  Pylon  
  185  10:35  Pylon  
  185  10:37  Void Ray  
  185  10:39  Void Ray, Nexus  
  185  10:46  Void Ray  
  185  10:51  Photon Cannon  
  188  10:58  Zealot x4  
  164  11:23  Void Ray  
  149  11:26  Void Ray x2  
  149  11:28  Zealot x8  
  149  11:29  Zealot  
  143  12:00  Void Ray  
  143  12:03  Void Ray  
Show
View Real Time Build Order
Export as new Build Order

Reynor Zerg 

Build Orders: Hatch First 

Get SALT Encoding   

  12  0:00  Drone  
  13  0:12  Overlord  
  13  0:17  Drone  
  14  0:30  Drone x2  
  16  0:44  Drone  
  17  0:51  Hatchery  
  17  0:55  Drone  
  17  0:59  Drone  
  18  1:09  Extractor  
  17  1:15  Spawning Pool  
  17  1:18  Drone  
  17  1:22  Drone  
  18  1:27  Drone  
  19  1:38  Drone  
  20  1:49  Overlord  
  20  2:01  Queen  
  20  2:03  Queen  
  20  2:04  Drone x2  
  26  2:12  Zergling x2  
  26  2:15  Metabolic Boost, Zergling x2  
  28  2:21  Drone  
  29  2:24  Drone  
  30  2:35  Hatchery  
  29  2:37  Drone  
  29  2:41  Drone  
  31  2:45  Queen  
  33  2:52  Overlord  
  33  2:55  Zergling x2  
  33  2:57  Drone x2  
  36  3:09  Overlord  
  36  3:11  Drone x2  
  36  3:12  Drone x2  
  40  3:18  Overlord  
  40  3:19  Overlord  
  40  3:23  Queen  
  42  3:29  Drone  
  42  3:30  Drone  
  42  3:33  Queen  
  46  3:40  Drone  
  46  3:41  Drone  
  48  3:47  Queen  
  50  3:49  Zergling x2  
  50  3:51  Zergling x4  
  50  3:54  Drone x3  
  56  3:59  Spore Crawler, Overlord  
  56  4:01  Drone  
  56  4:05  Drone  
  56  4:09  Drone  
  58  4:13  Drone  
  58  4:14  Drone  
  58  4:15  Drone x2  
  58  4:16  Drone, Spore Crawler  
  62  4:21  Queen  
  62  4:22  Overlord  
  63  4:24  Drone  
  63  4:25  Drone  
  63  4:31  Drone  
  64  4:33  Roach Warren  
  64  4:35  Drone  
  64  4:36  Drone  
  65  4:41  Drone  
  65  4:43  Evolution Chamber  
  65  4:44  Drone x3  
  68  4:48  Drone  
  68  4:49  Drone x2  
  68  4:50  Extractor  
  70  4:53  Zergling x4  
  70  4:57  Drone  
  73  5:00  Lair  
  73  5:04  Drone x3, Overlord  
  73  5:05  Drone  
  75  5:07  Drone  
  75  5:10  Spore Crawler  
  75  5:11  Drone x3  
  75  5:13  Drone  
  79  5:15  Drone x2  
  79  5:18  Overlord  
  81  5:23  Drone x2  
  82  5:30  Overlord  
  82  5:31  Queen  
  82  5:34  Drone x2  
  86  5:40  Pneumatized Carapace  
  86  5:41  Drone x4, Hatchery, Extractor  
  86  5:42  Extractor  
  87  5:43  Drone  
  87  5:44  Drone  
  87  5:46  Zergling x2  
  87  5:47  Zergling x2, Extractor x2  
  89  5:51  Overlord  
  89  5:53  Drone x3  
  89  5:54  Zerg Melee Weapons Level 1  
  92  5:58  Queen  
  92  6:00  Zergling x2  
  92  6:01  Zergling x4  
  97  6:04  Drone  
  97  6:07  Evolution Chamber  
  97  6:08  Baneling Nest  
  96  6:18  Drone x7  
  102  6:21  Overlord  
  102  6:23  Drone  
  102  6:24  Queen  
  106  6:31  Overlord  
  106  6:33  Zerg Ground Armor Level 1  
  106  6:36  Zergling x6  
  108  6:40  Drone x3  
  108  6:42  Drone x4  
  108  6:44  Drone  
  108  6:45  Overseer  
  115  6:48  Drone  
  115  6:49  Infestation Pit, Queen  
  115  6:50  Queen  
  115  6:53  Centrifugal Hooks  
  119  6:55  Zergling x4  
  119  6:56  Zergling x2  
  119  6:57  Queen  
  119  7:00  Zergling x2, Spore Crawler  
  124  7:02  Queen  
  124  7:03  Drone  
  124  7:04  Drone  
  124  7:07  Overlord  
  128  7:08  Zergling x2  
  128  7:11  Drone  
  128  7:12  Drone x2  
  128  7:13  Extractor  
  128  7:15  Extractor  
  130  7:23  Drone  
  130  7:24  Drone x2  
  130  7:25  Queen  
  130  7:29  Hive  
  135  7:30  Hatchery  
  135  7:31  Pathogen Glands  
  135  7:34  Drone x3  
  135  7:36  Overlord  
  137  7:41  Zergling x14  
  144  7:44  Overlord  
  144  7:49  Zerg Melee Weapons Level 2  
  144  7:53  Queen  
  146  8:00  Drone x2  
  146  8:02  Overlord  
  147  8:07  Spire, Infestor x2  
  147  8:08  Infestor  
  147  8:11  Queen  
  147  8:12  Queen  
  156  8:20  Drone x5  
  156  8:21  Drone x6  
  156  8:23  Spore Crawler x2  
  156  8:25  Spore Crawler  
  164  8:29  Queen  
  164  8:30  Zerg Ground Armor Level 2  
  164  8:33  Drone  
  167  8:40  Overseer  
  167  8:42  Zergling x12  
  167  8:43  Overlord x2  
  167  8:44  Adrenal Glands  
  167  8:46  Extractor  
  167  8:47  Queen, Extractor  
  173  8:49  Spore Crawler x2  
  173  8:53  Spore Crawler x3  
  173  8:54  Viper  
  171  8:56  Overlord  
  171  9:05  Queen  
  173  9:13  Zergling x8  
  173  9:14  Overlord  
  180  9:20  Greater Spire, Corruptor x8  
  196  9:26  Overlord  
  193  9:32  Baneling x7  
  193  9:36  Drone x3  
  196  9:39  Spore Crawler  
  196  9:40  Spore Crawler  
  196  9:41  Drone x2, Spore Crawler  
  196  9:42  Spore Crawler  
  196  9:44  Spore Crawler  
  190  9:46  Spore Crawler  
  190  9:47  Spore Crawler  
  190  9:48  Spore Crawler  
  181  9:53  Zergling x14  
  171  10:13  Corruptor x4  
  171  10:14  Corruptor x7  
  153  10:15  Queen  
  153  10:18  Viper x3  
  170  10:21  Infestor  
  170  10:27  Viper  
  165  10:30  Overlord x2  
  165  10:35  Overlord  
  160  10:46  Brood Lord x2  
  160  10:47  Brood Lord  
  150  11:07  Zergling x20  
  160  11:11  Corruptor  
  160  11:14  Brood Lord x2  
  154  11:24  Corruptor  
  154  11:25  Corruptor x2  
Tags
 
Add a new tag
Caveats
  • Supply blocks, unpowered buildings, or Contaminate may cause inaccurate times.
  • Supply counts are checked every 10 seconds.